 Dungeon Sprint DCSS version 0.17-b1-25-g6d8775f (webtiles) character file.

79240 hexophile the Executioner (level 16, -2/133 HPs)
             Began as a Formicid Fighter on Nov 5, 2015.
             Was the Champion of Makhleb.
             Killed by divine providence
             ... invoked by a deep elf high priest
              (9 damage)
             ... in the Dungeon (Sprint V: "Ziggurat Sprint").
             The game lasted 00:09:55 (847 turns).

hexophile the Executioner (Formicid Fighter)         Turns: 847, Time: 00:09:55

Health: -2/133     AC: 29    Str: 40    XL:     16   Next: 10%
Magic:  25/25      EV:  3    Int: 13    God:    Makhleb [******]
Gold:   0          SH: 36    Dex: 10    Spells: 0 memorised, 15 levels left

rFire  + . .     SeeInvis +     e - +5 executioner's axe (freeze)
rCold  + + .     Clarity  .     a - +5 gold dragon armour {rC+ rF+ rPois}
rNeg   + + .     SustAt   .     F - +18 shield of the gong {rElec rN+ MR+ EV-5}
rPois  +         Gourm    .     (helmet unavailable)
rElec  +         Spirit   .     J - +0 cloak {+Inv}
rCorr  .         Warding  +     (no gloves)
rMut   .         Stasis   +     (no boots)
MR     ++...                    I - amulet of Beobbuso {Ward rC+ rN+ Str+2 Int+3}
Stlth  ..........               C - +6 ring of strength
                                m - +6 ring of strength

@: very slightly contaminated, very resistant to hostile enchantments, extremely
unstealthy
A: permanent stasis, dig shafts and tunnels, four strong arms, antennae 3, frail
1, low mp 1, slow regeneration 1
a: Dig, Minor Destruction, Lesser Servant of Makhleb, Major Destruction, Greater
Servant of Makhleb, Renounce Religion, Evoke Invisibility


You were in the Dungeon.
You worshipped Makhleb.
Makhleb was exalted by your worship.
You were very full.

You visited 1 branch


Innate Abilities, Weirdness & Mutations

You are under a permanent stasis effect.
You can dig through walls and to a lower floor.
Your four strong arms can wield two-handed weapons with a shield.
You have a pair of large antennae on your head (SInv).
You are frail (-10% HP).
Your magical capacity is low (-10% MP).
You regenerate slowly when monsters are visible.

Inventory:

Hand Weapons
 e - a +5 executioner's axe of freezing (weapon)
Armour
 a - a +5 gold dragon armour (worn) {rC+ rF+ rPois}
 F - the +18 shield of the gong (worn) {rElec rN+ MR+ EV-5}
   (You found it in the Dungeon)

   It affects your evasion (-5).
   It insulates you from electricity.
   It protects you from negative energy.
   It affects your resistance to hostile enchantments.
 J - a +0 cloak of invisibility (worn)
Jewellery
 k - the ring "Ettoaph" {rF+ MP+9 Dex-3 SInv}
   (You found it in the Dungeon)

   [ring of see invisible]

   It affects your dexterity (-3).
   It protects you from fire.
   It affects your magic capacity (+9).
   It lets you see invisible.
 m - a +6 ring of strength (left hand)
 C - a +6 ring of strength (right hand)
 H - the brooch of Shielding {Ward rN+ AC+4 EV+4}
   (You found it in the Dungeon)

   [amulet of warding]

   It may prevent the melee attacks of summoned creatures.
   It affects your AC (+4).
   It affects your evasion (+4).
   It protects you from negative energy.
 I - the amulet of Beobbuso (around neck) {Ward rC+ rN+ Str+2 Int+3}
   (You found it in the Dungeon)

   [amulet of warding]

   It may prevent the melee attacks of summoned creatures.
   It affects your strength (+2).
   It affects your intelligence (+3).
   It protects you from cold.
   It protects you from negative energy.
 K - the amulet "Naedekuv" {Clar rElec Dex-2 Stlth+}
   (You found it in the Dungeon)

   [amulet of clarity]

   It provides mental clarity.
   It affects your dexterity (-2).
   It insulates you from electricity.
   It makes you more stealthy.
Wands
 c - a wand of disintegration (7)
 y - a wand of fire (5)
 z - a wand of cold (3)
 A - a wand of draining (5)
Scrolls
 o - 3 scrolls of recharging
 p - 10 scrolls of fog
 q - 2 scrolls of holy word
 s - 5 scrolls of identify
 t - 5 scrolls of remove curse
 u - 2 scrolls of fear
Potions
 b - 2 potions of brilliance {Archmagi Int+5 Wiz++}
 d - 4 potions of might {Str+5 DMG+1d10}
 g - 14 potions of heal wounds
 i - 7 potions of magic
 l - 4 potions of resistance {rF+ rC+ rPois rElec rCorr}
 n - 3 potions of agility {Stlth+ Dex+5 EV+5}
 B - a potion of invisibility
 G - 10 potions of curing
Miscellaneous
 f - a fan of gales
 j - a phial of floods
 v - a disc of storms
 D - a plain deck of summoning {drawn: 1}
 E - a lamp of fire
 L - a plain deck of destruction
Comestibles
 r - 3 bread rations
 w - 4 meat rations
 x - 42 fruits


You had 15 spell levels left.
You didn't know any spells.


   Skills:
 * Level 20.1 Fighting
 * Level 23.3 Axes
 * Level 20.1 Armour
 * Level 21.6 Shields
 * Level 17.5 Evocations

Dungeon Overview and Level Annotations

Branches:
Dungeon (1/1)

Altars:
Ashenzari
Cheibriados
Dithmenos
Elyvilon
Fedhas
Gozag
Kikubaaqudgha
Makhleb
Nemelex Xobeh
Okawaru
Qazlal
Ru
Sif Muna
Trog
Vehumet
Xom
Yredelemnul
Zin
The Shining One
Beogh
Jiyva
Lugonu

Vault maps used:
D:        sprint_v
You       could see 2 deep elf blademasters, 7 deep elf master archers, 2 deep
          elf annihilators, 5 deep elf sorcerers, a demonic crawler, an orange
          demon, 6 deep elf summoners, 3 deep elf high priests, 3 hellwings, a
          rust devil, 3 deep elf conjurers, a sixfirhy, a blue devil, a chaos
          spawn, 3 jumping spiders, an orc sorcerer, 3 tarantellas, 4 redbacks,
          2 deep elf fighters, 3 deep elf magi and 14 hell rats.


Message History

The deep elf annihilator casts a spell.
The deep elf annihilator blinks!
The deep elf high priest utters an invocation to its god.
The corpses begin to drag themselves along the ground!
The jumping spider leaps!
The deep elf master archer shoots an arrow.
The arrow hits you but does no damage.
The deep elf summoner mumbles some strange words.
The deep elf master archer shoots an arrow.
The arrow hits you but does no damage.
The deep elf master archer shoots an arrow of dispersal.
The arrow of dispersal hits you!!
* * * LOW HITPOINT WARNING * * *
You feel a strange sense of stasis.
You lost 29 HP.
You have now: 16/133 HP.
Unknown command.
You slash the deep elf master archer! You freeze the deep elf master archer.
The deep elf master archer is severely wounded.
The hellwing blocks your attack.
You slash the deep elf master archer! You freeze the deep elf master archer!
The deep elf master archer is almost dead.
You miss the deep elf blademaster.
The deep elf blademaster is lightly wounded.
You slash the deep elf master archer! You freeze the deep elf master archer.
The deep elf master archer is almost dead.
You cut the deep elf annihilator into ribbons!!!
You freeze the deep elf annihilator!
The deep elf annihilator is severely wounded.
You slice the deep elf blademaster like a ripe choko!!!
You freeze the deep elf blademaster!
The deep elf blademaster is almost dead.
The tarantella disappears in a puff of smoke!
You block the deep elf blademaster's attack.
GONNNNG!
You block the deep elf blademaster's attack.
GONNNNG!
The deep elf blademaster hits you but does no damage.
You block the deep elf blademaster's attack.
PTOANNNG!
The deep elf master archer shoots an arrow.
The arrow barely misses you.
The arrow hits the deep elf master archer!!
The deep elf master archer dies!
The deep elf summoner casts a spell.
The deep elf high priest invokes the aid of its god against you.
Something smites you!
* * * LOW HITPOINT WARNING * * *
The deep elf high priest calls down the wrath of its god upon you.
Something smites you!
You die...

Action                   |  1- 3 |  4- 6 |  7- 9 | 10-12 | 13-15 | 16-18 || total
-------------------------+-------+-------+-------+-------+-------+-------++-------
Melee: Executioner's axe |     5 |     1 |    12 |    83 |   198 |     5 ||   304
 Abil: Evoke Invisibilit |       |       |       |       |     4 |       ||     4
Evoke: Disc of storms    |     1 |     3 |    13 |     8 |       |       ||    25
       Wand              |       |       |       |     2 |       |       ||     2
       Fan of gales      |       |       |       |     3 |     1 |       ||     4
       Lamp of fire      |       |       |       |     2 |       |       ||     2
       Deck              |       |       |       |     1 |       |       ||     1
  Use: Potion            |     1 |       |       |     2 |     5 |       ||     8
       Scroll            |       |       |       |       |     2 |       ||     2
 Stab: Distracted        |       |       |       |     1 |       |       ||     1
       Invisible         |       |       |       |       |    21 |       ||    21
  Eat: Chunk             |       |       |       |       |     1 |       ||     1
       Bread ration      |       |       |       |       |     2 |       ||     2

Notes
Turn   | Place    | Note
--------------------------------------------------------------
     0 | D        | hexophile the Formicid Fighter began the quest for the Orb.
     0 | D        | Reached XP level 1. HP: 18/18 MP: 1/1
     0 | D        | Found an iron altar of Okawaru.
     0 | D        | Found a burning altar of Makhleb.
     0 | D        | Found a radiant altar of Vehumet.
     0 | D        | Found a deep blue altar of Sif Muna.
     0 | D        | Found a shimmering altar of Xom.
    24 | D        | Found a roughly hewn altar of Beogh.
    24 | D        | Found a corrupted altar of Lugonu.
    24 | D        | Found a viscous altar of Jiyva.
    24 | D        | Found a white marble altar of Elyvilon.
    24 | D        | Found a sparkling altar of Nemelex Xobeh.
    24 | D        | Found a bloodstained altar of Trog.
    25 | D        | Banished a spatial maelstrom
    52 | D        | Reached skill level 8 in Evocations
    52 | D        | Reached XP level 2. HP: 24/24 MP: 1/7
    84 | D        | Became a worshipper of Makhleb the Destroyer
    88 | D        | Entered arena 1.
    88 | D        | Noticed a phantom
    88 | D        | Noticed a wight
    94 | D        | Killed a phantom
    94 | D        | Reached skill level 6 in Axes
    94 | D        | Reached XP level 3. HP: 22/29 MP: 5/8
    94 | D        | Reached XP level 4. HP: 26/35 MP: 6/10
    95 | D        | Killed a wight
    95 | D        | Reached skill level 8 in Axes
    95 | D        | Reached XP level 5. HP: 30/41 MP: 6/11
   103 | D        | Entered arena 2.
   103 | D        | Noticed a deep elf knight
   103 | D        | Noticed a deep elf knight
   103 | D        | Noticed a deep elf mage
   108 | D        | Killed a deep elf mage
   108 | D        | Reached * piety under Makhleb
   108 | D        | Reached skill level 11 in Axes
   108 | D        | Reached XP level 6. HP: 45/47 MP: 8/12
   108 | D        | Killed a deep elf knight
   108 | D        | Reached skill level 14 in Axes
   108 | D        | Reached XP level 7. HP: 52/52 MP: 8/13
   108 | D        | Reached XP level 8. HP: 58/58 MP: 8/14
   114 | D        | Killed a deep elf knight
   114 | D        | Reached ** piety under Makhleb
   114 | D        | Reached skill level 16 in Axes
   114 | D        | Reached XP level 9. HP: 62/64 MP: 9/15
   120 | D        | Entered arena 3.
   120 | D        | Noticed a draconian
   120 | D        | Noticed a draconian
   120 | D        | Noticed a purple draconian
   120 | D        | Noticed a draconian
   132 | D        | Killed a draconian
   132 | D        | Reached skill level 4 in Fighting
   132 | D        | Reached skill level 4 in Armour
   132 | D        | Reached skill level 5 in Shields
   132 | D        | Killed a draconian
   132 | D        | Reached skill level 5 in Fighting
   132 | D        | Reached skill level 5 in Armour
   132 | D        | Reached skill level 6 in Shields
   133 | D        | Killed a draconian
   133 | D        | Reached *** piety under Makhleb
   133 | D        | Reached skill level 6 in Fighting
   133 | D        | Reached skill level 17 in Axes
   133 | D        | Reached skill level 6 in Armour
   133 | D        | Reached skill level 7 in Shields
   139 | D        | Killed a purple draconian
   139 | D        | Reached skill level 7 in Fighting
   139 | D        | Reached skill level 7 in Armour
   139 | D        | Reached skill level 8 in Shields
   139 | D        | Reached XP level 10. HP: 27/80 MP: 13/16
   175 | D        | Entered arena 4.
   175 | D        | Noticed an orc priest
   178 | D        | Reached **** piety under Makhleb
   179 | D        | Killed an orc priest
   186 | D        | Entered arena 5.
   186 | D        | Noticed a hell hog
   186 | D        | Noticed a hell hog
   186 | D        | Noticed a hell hog
   192 | D        | Killed a hell hog
   192 | D        | Reached skill level 8 in Fighting
   192 | D        | Reached skill level 8 in Armour
   192 | D        | Reached skill level 9 in Shields
   193 | D        | Killed a hell hog
   193 | D        | Reached ***** piety under Makhleb
   195 | D        | Killed a hell hog
   195 | D        | Reached skill level 9 in Fighting
   195 | D        | Reached skill level 9 in Armour
   195 | D        | Reached skill level 10 in Shields
   205 | D        | Entered arena 6.
   205 | D        | Noticed a draconian
   205 | D        | Noticed a draconian
   205 | D        | Noticed a black draconian
   205 | D        | Noticed a draconian
   205 | D        | Noticed a white draconian
   205 | D        | Noticed a draconian
   217 | D        | Killed a black draconian
   217 | D        | Reached skill level 10 in Fighting
   217 | D        | Reached skill level 18 in Axes
   217 | D        | Reached skill level 10 in Armour
   217 | D        | Reached XP level 11. HP: 16/90 MP: 17/17
   218 | D        | Killed a white draconian
   218 | D        | Reached skill level 11 in Shields
   219 | D        | Killed a draconian
   222 | D        | Killed a draconian
   223 | D        | Killed a draconian
   223 | D        | Reached skill level 11 in Fighting
   223 | D        | Reached skill level 11 in Armour
   223 | D        | Reached skill level 12 in Shields
   227 | D        | Killed a draconian
   227 | D        | Reached ****** piety under Makhleb
   236 | D        | Entered arena 7.
   236 | D        | Noticed a hell hound
   236 | D        | Noticed a hell hound
   236 | D        | Noticed a hell hound
   238 | D        | Killed a hell hound
   242 | D        | Killed a hell hound
   242 | D        | Killed a hell hound
   251 | D        | Got the ring of Afif {Ice MP+9}
   253 | D        | Entered arena 8.
   253 | D        | Noticed a swamp drake
   253 | D        | Noticed a swamp drake
   253 | D        | Noticed a swamp drake
   253 | D        | Noticed a wyvern
   253 | D        | Noticed a mottled dragon
   253 | D        | Noticed a mottled dragon
   253 | D        | Noticed a mottled dragon
   258 | D        | Killed a wyvern
   259 | D        | Killed a mottled dragon
   259 | D        | Killed a mottled dragon
   260 | D        | Killed a mottled dragon
   262 | D        | Killed a swamp drake
   263 | D        | Killed a swamp drake
   263 | D        | Killed a swamp drake
   270 | D        | Got the amulet of Raifiat {Gourm rElec}
   272 | D        | Entered arena 9.
   272 | D        | Noticed a centaur
   272 | D        | Noticed a centaur warrior
   272 | D        | Noticed a centaur
   272 | D        | Noticed a yaktaur
   272 | D        | Noticed a centaur
   272 | D        | Noticed a centaur
   272 | D        | Noticed a centaur warrior
   272 | D        | Noticed a yaktaur
   279 | D        | Killed a yaktaur
   279 | D        | Killed a centaur
   279 | D        | Killed a centaur
   279 | D        | Killed a centaur warrior
   279 | D        | Reached skill level 12 in Fighting
   279 | D        | Reached skill level 12 in Armour
   279 | D        | Reached skill level 13 in Shields
   280 | D        | Killed a centaur warrior
   280 | D        | Reached skill level 19 in Axes
   280 | D        | Killed a yaktaur
   280 | D        | Reached XP level 12. HP: 101/103 MP: 18/18
   281 | D        | Killed a centaur
   285 | D        | Killed a centaur
   288 | D        | Got the +3 large shield "Ihoamm" {MR++ Int+4}
   291 | D        | Got the amulet of Beobbuso {Ward rC+ rN+ Str+2 Int+3}
   295 | D        | Identified the Almanac of Earthen Displacement
   297 | D        | Entered arena 10.
   297 | D        | Noticed a griffon
   297 | D        | Noticed a yaktaur
   297 | D        | Noticed a crystal guardian
   297 | D        | Noticed a yaktaur
   297 | D        | Noticed a yaktaur captain
   297 | D        | Noticed a vault guard
   297 | D        | Noticed an ironbrand convoker
   297 | D        | Noticed an ogre mage
   297 | D        | Noticed a vault guard
   302 | D        | Identified the +1 flail of Dullness {vamp, -Tele rPois rF+ rN+}
   308 | D        | Killed a griffon
   309 | D        | Killed an ogre mage
   311 | D        | Killed a yaktaur captain
   311 | D        | Reached skill level 14 in Shields
   313 | D        | Killed an ironbrand convoker
   313 | D        | Reached skill level 13 in Fighting
   313 | D        | Reached skill level 13 in Armour
   313 | D        | Killed a vault guard
   314 | D        | Killed a vault guard
   315 | D        | Killed a crystal guardian
   319 | D        | Killed a yaktaur
   321 | D        | Killed a yaktaur
   321 | D        | Reached skill level 15 in Shields
   329 | D        | Got the cursed +0 plate armour of the Ward {rElec rPois Str-2 SInv}
   331 | D        | Entered arena 11.
   331 | D        | Noticed a porcupine
   331 | D        | Noticed a hippogriff
   331 | D        | Noticed a crocodile
   331 | D        | Noticed a crocodile
   331 | D        | Noticed a crocodile
   332 | D        | Noticed a crocodile
   332 | D        | Noticed a porcupine
   332 | D        | Noticed a fire drake
   333 | D        | Noticed a black mamba
   333 | D        | Noticed a porcupine
   335 | D        | Killed a hippogriff
   336 | D        | Killed a crocodile
   336 | D        | Killed a porcupine
   337 | D        | Killed a black mamba
   337 | D        | Killed a fire drake
   337 | D        | Reached skill level 14 in Armour
   338 | D        | Killed a crocodile
   338 | D        | Reached skill level 14 in Fighting
   339 | D        | Killed a porcupine
   340 | D        | Killed a porcupine
   341 | D        | Killed a crocodile
   341 | D        | Killed a crocodile
   349 | D        | Entered arena 12.
   349 | D        | Noticed a jumping spider
   349 | D        | Noticed a wasp
   349 | D        | Noticed a redback
   349 | D        | Noticed a jumping spider
   349 | D        | Noticed a wolf spider
   350 | D        | Noticed a redback
   350 | D        | Noticed a jumping spider
   350 | D        | Noticed a trapdoor spider
   350 | D        | Noticed an orb spider
   350 | D        | Noticed a wolf spider
   354 | D        | Killed a wasp
   354 | D        | Killed a trapdoor spider
   355 | D        | Killed a redback
   357 | D        | Killed a redback
   357 | D        | Killed a jumping spider
   361 | D        | Killed a jumping spider
   361 | D        | Killed a wolf spider
   361 | D        | Reached skill level 9 in Evocations
   364 | D        | Killed a wolf spider
   364 | D        | Reached skill level 20 in Axes
   364 | D        | Reached XP level 13. HP: 93/114 MP: 19/19
   365 | D        | Killed a jumping spider
   371 | D        | Killed an orb spider
   374 | D        | Got the ring of Dehor {rC+ Dex+3 Stlth+}
   390 | D        | Noticed a trapdoor spider
   394 | D        | Killed a trapdoor spider
   397 | D        | Got the amulet "Naedekuv" {Clar rElec Dex-2 Stlth+}
   403 | D        | Entered arena 13.
   404 | D        | Noticed a wolf spider
   404 | D        | Noticed a wolf spider
   404 | D        | Noticed a demonic crawler
   404 | D        | Noticed a redback
   404 | D        | Noticed a hornet
   405 | D        | Noticed a trapdoor spider
   405 | D        | Noticed a trapdoor spider
   405 | D        | Noticed a jumping spider
   405 | D        | Noticed a demonic crawler
   405 | D        | Noticed a redback
   405 | D        | Noticed a wasp
   405 | D        | Noticed a hornet
   409 | D        | Killed a redback
   411 | D        | Killed a jumping spider
   412 | D        | Killed a redback
   412 | D        | Killed a hornet
   414 | D        | Killed a demonic crawler
   414 | D        | Killed a hornet
   414 | D        | Killed a wolf spider
   414 | D        | Reached skill level 16 in Shields
   414 | D        | Reached skill level 10 in Evocations
   416 | D        | Killed a demonic crawler
   416 | D        | Killed a trapdoor spider
   416 | D        | Killed a wolf spider
   418 | D        | Killed a wasp
   421 | D        | Killed a trapdoor spider
   433 | D        | Entered arena 14.
   433 | D        | Noticed a vampire knight
   433 | D        | Noticed a vampire
   434 | D        | Noticed a ghoul
   434 | D        | Noticed a vampire knight
   434 | D        | Noticed a shadow
   436 | D        | Noticed a shadow
   436 | D        | Noticed a skeletal warrior
   436 | D        | Noticed a lich
   437 | D        | Killed a vampire
   437 | D        | Reached skill level 15 in Armour
   438 | D        | Noticed a necromancer
   438 | D        | Noticed a necromancer
   438 | D        | Noticed a necrophage
   439 | D        | Noticed an Executioner
   441 | D        | Killed a vampire knight
   441 | D        | Reached skill level 15 in Fighting
   442 | D        | Killed a vampire knight
   443 | D        | Noticed a Brimstone Fiend
   443 | D        | Killed a shadow
   445 | D        | Killed a ghoul
   445 | D        | Reached skill level 11 in Evocations
   448 | D        | Killed a necromancer
   452 | D        | Killed a necromancer
   453 | D        | Killed a skeletal warrior
   454 | D        | Killed a necrophage
   454 | D        | Killed a shadow
   455 | D        | Killed a lich
   455 | D        | Reached skill level 17 in Shields
   463 | D        | Entered arena 15.
   463 | D        | Noticed a vampire
   464 | D        | Noticed a freezing wraith
   464 | D        | Noticed a wight
   464 | D        | Noticed a blizzard demon
   464 | D        | Noticed an ice dragon
   465 | D        | Noticed a tormentor
   465 | D        | Noticed a wraith
   465 | D        | Noticed an ice beast
   465 | D        | Noticed a freezing wraith
   465 | D        | Noticed an ice beast
   466 | D        | Killed a vampire
   470 | D        | Killed a tormentor
   472 | D        | Killed a freezing wraith
   472 | D        | Killed an ice beast
   473 | D        | Killed an ice dragon
   473 | D        | Reached skill level 12 in Evocations
   473 | D        | Killed a wight
   473 | D        | Reached skill level 16 in Fighting
   474 | D        | Killed a freezing wraith
   474 | D        | Reached skill level 16 in Armour
   475 | D        | Killed an ice beast
   475 | D        | Killed a wraith
   476 | D        | Killed a blizzard demon
   488 | D        | Entered arena 16.
   493 | D        | Noticed a large abomination
   493 | D        | Noticed a vampire
   493 | D        | Noticed an iron imp
   493 | D        | Noticed a wraith
   493 | D        | Noticed a wretched star
   494 | D        | Noticed a tentacled starspawn
   494 | D        | Noticed a small abomination
   494 | D        | Noticed a small abomination
   494 | D        | Noticed an iron imp
   494 | D        | Noticed a fire bat
   494 | D        | Noticed a thrashing horror
   495 | D        | Noticed a thrashing horror
   499 | D        | Killed a large abomination
   499 | D        | Reached XP level 14. HP: 112/112 MP: 20/20
   500 | D        | Killed a wraith
   500 | D        | Killed a fire bat
   500 | D        | Killed a small abomination
   501 | D        | Killed a tentacled starspawn
   501 | D        | Reached skill level 21 in Axes
   501 | D        | Killed a thrashing horror
   502 | D        | Killed a small abomination
   503 | D        | Killed an iron imp
   503 | D        | Killed an iron imp
   504 | D        | Killed a vampire
   507 | D        | Killed a thrashing horror
   509 | D        | Killed a wretched star
   519 | D        | Entered arena 17.
   522 | D        | Noticed a jumping spider
   522 | D        | Noticed a wasp
   522 | D        | Noticed a demonic crawler
   522 | D        | Noticed a wolf spider
   522 | D        | Noticed a demonic crawler
   522 | D        | Noticed a demonic crawler
   522 | D        | Noticed a wolf spider
   523 | D        | Noticed a demonic crawler
   523 | D        | Noticed a hornet
   523 | D        | Noticed a jumping spider
   523 | D        | Noticed a wasp
   523 | D        | Noticed a trapdoor spider
   523 | D        | Noticed a trapdoor spider
   523 | D        | Noticed a trapdoor spider
   523 | D        | Noticed a redback
   523 | D        | Noticed a demonic crawler
   523 | D        | Noticed a trapdoor spider
   525 | D        | Gained mutation: Your magical capacity is low (-10% MP). [mutagenic glow]
   526 | D        | Killed a wolf spider
   526 | D        | Reached skill level 18 in Shields
   526 | D        | Reached skill level 13 in Evocations
   527 | D        | Killed a jumping spider
   529 | D        | Killed a jumping spider
   529 | D        | Killed a wasp
   530 | D        | Killed a demonic crawler
   530 | D        | Killed a wolf spider
   532 | D        | Killed a demonic crawler
   532 | D        | Killed a trapdoor spider
   532 | D        | Killed a demonic crawler
   534 | D        | Killed a trapdoor spider
   534 | D        | Killed a demonic crawler
   534 | D        | Killed a wasp
   535 | D        | Killed a hornet
   536 | D        | Killed a trapdoor spider
   536 | D        | Killed a redback
   536 | D        | Reached skill level 17 in Fighting
   537 | D        | Killed a trapdoor spider
   538 | D        | Killed a demonic crawler
   549 | D        | Noticed a trapdoor spider
   550 | D        | Killed a trapdoor spider
   550 | D        | Reached skill level 17 in Armour
   552 | D        | Got the cursed +1 fire dragon armour "Amiloukh" {-Cast rF++ rC- rN++ Dex-2 SInv, rF++ rC-}
   558 | D        | Entered arena 18.
   566 | D        | Noticed a warg
   567 | D        | Noticed an orc high priest
   567 | D        | Noticed an orc warrior
   567 | D        | Noticed an orc knight
   567 | D        | Noticed a moth of wrath
   567 | D        | Noticed an orc knight
   568 | D        | Noticed an orc warrior
   568 | D        | Noticed an ogre
   568 | D        | Noticed an orc high priest
   568 | D        | Noticed an orc warlord
   569 | D        | Killed a warg
   570 | D        | Noticed an orc warrior
   571 | D        | Killed a moth of wrath
   571 | D        | Killed an orc warrior
   573 | D        | Noticed an orc sorcerer
   575 | D        | Killed an orc knight
   575 | D        | Killed an orc warrior
   577 | D        | Killed an ogre
   578 | D        | Killed an orc knight
   579 | D        | Killed an orc high priest
   581 | D        | Killed an orc warlord
   582 | D        | Killed an orc high priest
   582 | D        | Reached skill level 14 in Evocations
   583 | D        | Killed an orc warrior
   585 | D        | Gained mutation: You regenerate slowly when monsters are visible. [a neqoxec]
   587 | D        | Killed an orc sorcerer
   637 | D        | Gained mutation: You are frail (-10% HP). [mutagenic glow]
   638 | D        | Entered arena 19.
   647 | D        | Noticed a cyclops
   647 | D        | Noticed a centaur warrior
   647 | D        | Noticed a cyclops
   647 | D        | Noticed a centaur
   647 | D        | Noticed a centaur warrior
   647 | D        | Noticed a centaur
   647 | D        | Noticed a deep elf master archer
   647 | D        | Noticed a centaur
   647 | D        | Noticed a yaktaur captain
   648 | D        | Noticed a yaktaur
   648 | D        | Noticed a cyclops
   648 | D        | Noticed a yaktaur
   648 | D        | Noticed a centaur warrior
   650 | D        | Noticed a stone giant
   650 | D        | Noticed a cyclops
   652 | D        | Noticed a yaktaur captain
   652 | D        | Noticed a cyclops
   652 | D        | Noticed a yaktaur
   653 | D        | Noticed a yaktaur
   653 | D        | Killed a yaktaur
   654 | D        | Noticed a cyclops
   654 | D        | Noticed a yaktaur captain
   655 | D        | Noticed a yaktaur
   655 | D        | Killed a centaur warrior
   655 | D        | Killed a centaur
   655 | D        | Killed a centaur
   656 | D        | Killed a centaur warrior
   656 | D        | Killed a cyclops
   657 | D        | Killed a cyclops
   657 | D        | Killed a centaur
   657 | D        | Killed a deep elf master archer
   657 | D        | Reached skill level 19 in Shields
   660 | D        | Killed a yaktaur captain
   660 | D        | Killed a cyclops
   662 | D        | Killed a yaktaur captain
   662 | D        | Killed a cyclops
   662 | D        | Reached skill level 18 in Fighting
   663 | D        | Killed a stone giant
   663 | D        | Reached skill level 22 in Axes
   663 | D        | Reached skill level 18 in Armour
   663 | D        | Killed a yaktaur
   663 | D        | Reached XP level 15. HP: 122/122 MP: 23/23
   663 | D        | Killed a centaur warrior
   664 | D        | Killed a yaktaur
   665 | D        | Killed a yaktaur
   665 | D        | Reached skill level 15 in Evocations
   666 | D        | Killed a cyclops
   667 | D        | Killed a yaktaur
   669 | D        | Killed a cyclops
   670 | D        | Killed a yaktaur captain
   675 | D        | Got the ring "Ettoaph" {rF+ MP+9 Dex-3 SInv}
   678 | D        | Entered arena 20.
   678 | D        | Noticed a vampire
   684 | D        | Killed a vampire
   685 | D        | Noticed a tormentor
   685 | D        | Noticed a flying skull
   685 | D        | Noticed a balrug
   685 | D        | Noticed a hell hound
   685 | D        | Noticed a red devil
   685 | D        | Noticed a flying skull
   686 | D        | Noticed a wraith
   686 | D        | Noticed a flying skull
   686 | D        | Noticed a hell hog
   686 | D        | Noticed a wraith
   686 | D        | Noticed a wraith
   686 | D        | Noticed a hell hog
   686 | D        | Noticed a wraith
   687 | D        | Noticed a flayed ghost
   688 | D        | Killed a hell hound
   689 | D        | Noticed a red devil
   693 | D        | Killed a wraith
   694 | D        | Killed a flying skull
   694 | D        | Killed a flying skull
   695 | D        | Killed a hell hog
   695 | D        | Killed a flying skull
   696 | D        | Killed a hell hog
   697 | D        | Killed a wraith
   698 | D        | Killed a tormentor
   699 | D        | Killed a balrug
   699 | D        | Killed a wraith
   705 | D        | Killed a wraith
   705 | D        | Reached skill level 20 in Shields
   705 | D        | Killed a flayed ghost
   708 | D        | Killed a red devil
   710 | D        | Killed a red devil
   722 | D        | Entered arena 21.
   722 | D        | Noticed a necrophage
   722 | D        | Noticed a vampire mage
   722 | D        | Noticed a vampire knight
   723 | D        | Noticed a vampire
   728 | D        | Killed a necrophage
   730 | D        | Noticed a vampire
   730 | D        | Noticed a shadow
   730 | D        | Noticed a wight
   730 | D        | Noticed a lich
   730 | D        | Noticed a shadow
   731 | D        | Noticed a shadow
   731 | D        | Noticed a skeletal warrior
   731 | D        | Killed a vampire
   732 | D        | Noticed a skeletal warrior
   732 | D        | Noticed a necromancer
   733 | D        | Noticed a shadow
   733 | D        | Noticed a ghoul
   733 | D        | Noticed a shadow
   733 | D        | Noticed a shadow
   734 | D        | Noticed a necromancer
   734 | D        | Noticed a vampire mage
   734 | D        | Noticed a shadow
   734 | D        | Killed a vampire knight
   734 | D        | Killed a vampire mage
   735 | D        | Noticed a vampire knight
   735 | D        | Noticed a wight
   735 | D        | Noticed a necromancer
   736 | D        | Killed a wight
   737 | D        | Killed a shadow
   738 | D        | Killed a shadow
   739 | D        | Killed a skeletal warrior
   739 | D        | Killed a shadow
   740 | D        | Killed a shadow
   741 | D        | Noticed a ghoul
   741 | D        | Killed a lich
   741 | D        | Reached skill level 19 in Fighting
   741 | D        | Reached skill level 19 in Armour
   741 | D        | Reached skill level 16 in Evocations
   741 | D        | Killed a skeletal warrior
   742 | D        | Killed a shadow
   742 | D        | Killed a wight
   743 | D        | Killed a shadow
   743 | D        | Killed a shadow
   745 | D        | Killed a ghoul
   746 | D        | Killed a vampire mage
   746 | D        | Killed a vampire knight
   749 | D        | Killed a vampire
   752 | D        | Killed a necromancer
   753 | D        | Killed a necromancer
   757 | D        | Killed a ghoul
   757 | D        | Killed a necromancer
   776 | D        | Entered arena 22.
   784 | D        | Noticed a wight
   784 | D        | Noticed a red devil
   784 | D        | Noticed a tormentor
   784 | D        | Noticed a wraith
   784 | D        | Noticed a necrophage
   784 | D        | Noticed a necrophage
   785 | D        | Noticed a hellion
   785 | D        | Noticed a red devil
   786 | D        | Noticed a phantasmal warrior
   786 | D        | Noticed a flayed ghost
   786 | D        | Noticed a wraith
   786 | D        | Noticed a tormentor
   786 | D        | Noticed a wraith
   786 | D        | Noticed a balrug
   786 | D        | Noticed a balrug
   789 | D        | Noticed a flying skull
   789 | D        | Killed a wight
   789 | D        | Killed a wraith
   790 | D        | Noticed a red devil
   791 | D        | Killed a red devil
   791 | D        | Reached skill level 21 in Shields
   792 | D        | Killed a necrophage
   794 | D        | Killed a hellion
   795 | D        | Killed a tormentor
   795 | D        | Killed a wraith
   797 | D        | Killed a phantasmal warrior
   798 | D        | Killed a wraith
   798 | D        | Reached skill level 23 in Axes
   800 | D        | Killed a tormentor
   801 | D        | Killed a flying skull
   802 | D        | Killed a flayed ghost
   803 | D        | Killed a balrug
   803 | D        | Reached skill level 17 in Evocations
   806 | D        | Killed a balrug
   807 | D        | Killed a necrophage
   810 | D        | Killed a red devil
   812 | D        | Killed a red devil
   820 | D        | Got the amulet of Evvis {+Rage +Inv rF- MP+9 Str+7}
   829 | D        | Entered arena 23.
   836 | D        | Noticed a deep elf master archer
   836 | D        | Noticed a deep elf conjurer
   836 | D        | Noticed a deep elf blademaster
   836 | D        | Noticed a deep elf priest
   836 | D        | Noticed a deep elf master archer
   836 | D        | Noticed a deep elf sorcerer
   836 | D        | Noticed a deep elf sorcerer
   836 | D        | Noticed a deep elf high priest
   836 | D        | Noticed a deep elf summoner
   836 | D        | Noticed a deep elf sorcerer
   836 | D        | Noticed a deep elf conjurer
   836 | D        | Noticed a deep elf annihilator
   836 | D        | Noticed a deep elf mage
   836 | D        | Noticed a deep elf blademaster
   836 | D        | Noticed a deep elf summoner
   836 | D        | Noticed a deep elf mage
   836 | D        | Noticed a deep elf sorcerer
   836 | D        | Noticed a deep elf master archer
   837 | D        | Noticed a deep elf master archer
   837 | D        | Noticed a deep elf master archer
   837 | D        | Noticed a deep elf master archer
   837 | D        | Noticed a deep elf master archer
   837 | D        | Noticed a deep elf annihilator
   837 | D        | Noticed a deep elf sorcerer
   837 | D        | Noticed a deep elf master archer
   837 | D        | Noticed a deep elf mage
   837 | D        | Noticed a deep elf high priest
   837 | D        | Noticed a deep elf fighter
   838 | D        | Noticed a deep elf fighter
   838 | D        | Noticed a deep elf high priest
   838 | D        | Noticed a deep elf sorcerer
   838 | D        | Noticed a deep elf summoner
   838 | D        | Noticed a deep elf summoner
   838 | D        | Noticed a deep elf summoner
   838 | D        | Noticed a deep elf sorcerer
   838 | D        | Noticed a deep elf conjurer
   838 | D        | Noticed an orc sorcerer
   838 | D        | Noticed a deep elf summoner
   838 | D        | Noticed a deep elf fighter
   839 | D        | Killed a deep elf priest
   842 | D        | Killed a deep elf sorcerer
   842 | D        | Reached skill level 20 in Fighting
   842 | D        | Reached skill level 20 in Armour
   842 | D        | Reached XP level 16. HP: 95/133 MP: 25/25
   843 | D        | Killed a deep elf sorcerer
   845 | D        | Killed a deep elf fighter
   847 | D        | Killed a deep elf master archer
   847 | D        | Killed from afar by a deep elf high priest

Table legend:
 A = Turns spent in this place as a percentage of turns spent in the entire game.
 B = Non-inter-level travel turns spent in this place as a percentage of non-inter-level travel turns spent in the entire game.
 C = Inter-level travel turns spent in this place as a percentage of turns spent in this place.
 D = Turns resting spent in this place as a percentage of non-inter-level travel turns spent in this place.
 E = Turns spent auto-exploring this place as a percentage of non-inter-level travel turns spent in this place.
 F = Non-inter-level travel turns spent in this place divided by the number of levels of this place that you've seen.
                   A       B       C       D       E      F
               +-------+-------+-------+-------+-------+----------------------
         Total | 100.0 | 100.0 |   0.0 |   0.7 |   0.0 | 855.0
       Dungeon | 100.0 | 100.0 |   0.0 |   0.7 |   0.0 | 855.0
               +-------+-------+-------+-------+-------+----------------------

Table legend:
 A = Kills in this place as a percentage of kills in entire the game.
 B = Kills by you in this place as a percentage of kills by you in the entire game.
 C = Kills by friends in this place as a percentage of kills by friends in the entire game.
 D = Other kills in this place as a percentage of other kills in the entire game.
 E = Experience gained in this place as a percentage of experience gained in the entire game.
 F = Experience gained in this place divided by the number of levels of this place that you have seen.
                   A       B       C       D       E      F
               +-------+-------+-------+-------+-------+----------------------
         Total | 100.0 | 100.0 | 100.0 | 100.0 | 100.0 | 113191.0
       Dungeon | 100.0 | 100.0 | 100.0 | 100.0 | 100.0 | 113191.0
               +-------+-------+-------+-------+-------+----------------------

Vanquished Creatures
  2 liches (D)
  A tentacled starspawn (D)
  2 deep elf sorcerers (D)
  3 balrugs (D)
  3 ghouls (D)
  An orc warlord (D)
  A stone giant (D)
  A black draconian (D)
  4 vampire knights (D)
  A white draconian (D)
  A purple draconian (D)
  A blizzard demon (D)
  A crystal guardian (D)
  4 yaktaur captains (D)
  2 vault guards (D)
  An ogre mage (D)
  An ice dragon (D)
  5 centaur warriors (D)
  2 orc high priests (D)
  2 deep elf knights (D)
  2 vampire magi (D)
  3 hell hogs (D)
  2 thrashing horrors (D)
  A wretched star (D)
  3 skeletal warriors (D)
  An ironbrand convoker (D)
  A phantasmal warrior (D)
  5 necromancers (D)
  2 flayed ghosts (D)
  An orb spider (D)
  6 cyclopes (D)
  2 orc knights (D)
  A griffon (D)
  A black mamba (D)
  3 hornets (D)
  7 draconians (D)
  6 wolf spiders (D)
  A moth of wrath (D)
  An orc sorcerer (D)
  9 yaktaurs (D)
  4 tormentors (D)
  A hellion (D)
  7 demonic crawlers (D)
  A fire drake (D)
  5 red devils (D)
  A deep elf priest (D)
  2 freezing wraiths (D)
  6 jumping spiders (D)
  A large abomination (D)
  9 trapdoor spiders (D)
  A deep elf mage (D)
  6 vampires (D)
  5 redbacks (D)
  A wyvern (D)
  4 flying skulls (D)
  A fire bat (D)
  9 shadows (D)
  9 wraiths (D)
  A deep elf fighter (D)
  A hippogriff (D)
  A warg (D)
  2 mottled dragons (D)
  3 porcupines (D)
  4 hell hounds (D)
  3 orc warriors (D)
  4 wasps (D)
  An ogre (D)
  4 necrophages (D)
  2 swamp drakes (D)
  2 ice beasts (D)
  A phantom (D)
  6 centaurs (D)
  4 crocodiles (D)
  2 small abominations (D)
  5 wights (D)
  2 iron imps (D)
  An orc priest (D)
  A white imp (D)
  2 shadow imps (D)
  2 adder zombies (D)
  3 adder skeletons (D)
  An adder simulacrum (D)
  11 orcs (D)
  8 bat skeletons (D)
  9 bat zombies (D)
  A ball python skeleton (D)
  A ball python zombie (D)
  5 giant cockroach zombies (D)
  3 giant gecko skeletons (D)
  A giant gecko zombie (D)
  A jackal skeleton (D)
  A jackal zombie (D)
  2 quokka skeletons (D)
271 creatures vanquished.

Vanquished Creatures (collateral kills)
  A deep elf master archer (D)
  2 hell hogs (D)
  A mottled dragon (D)
  A swamp drake (D)
  A centaur (D)
  A fire vortex (D)
7 creatures vanquished.

Vanquished Creatures (others)
  A deep elf master archer (D)
  A jackal zombie (D)
  A fire vortex (D)
3 creatures vanquished.

Grand Total: 281 creatures vanquished
